 Dungeon Crawl Stone Soup version 0.19-a0-944-gb338e1e (webtiles) character file.

3597 Kold the Carver (level 9, -6/63 HPs)
             Began as a Demonspawn Berserker on July 10, 2016.
             Was a High Priest of Trog.
             Killed from afar by Oktamerus's ghost (8 damage)
             ... with a rocky blast
             ... on level 9 of the Dungeon.
             The game lasted 00:15:04 (6207 turns).

Kold the Carver (Demonspawn Berserker)              Turns: 6207, Time: 00:15:04

Health: -6/63      AC: 11    Str: 23    XL:     9   Next: 85%
Magic:  9/9        EV: 12    Int:  9    God:    Trog [*****.]
Gold:   399        SH:  0    Dex: 16    Spells: 0 memorised, 8 levels left

rFire  . . .     SeeInvis .     a - +0 falchion
rCold  . . .     Gourm    .     b - +0 animal skin
rNeg   . . .     Faith    .     (no shield)
rPois  .         Spirit   .     (helmet restricted)
rElec  .         Dismiss  .     G - +0 cloak (curse)
rCorr  .         Reflect  .     z - +0 pair of gloves
SustAt .         Harm     .     M - +0 pair of boots
MR     .....                    (no amulet)
Stlth  +.........               y - +6 ring of strength
                                h - ring of wizardry

@: exhausted, slowed, very slow, not resistant to hostile enchantments, very
unstealthy
A: horns 2, iridescent scales 2, spiny 3
a: Berserk, Trog's Hand, Brothers in Arms, Burn Spellbooks, Renounce Religion


You were on level 9 of the Dungeon.
You worshipped Trog.
Trog was extremely pleased with you.
You were near starving.

You visited 2 branches of the dungeon, and saw 10 of its levels.

You collected 399 gold pieces.

Inventory:

Hand Weapons
 a - a +0 falchion (weapon)
 E - a +0 great sword
Missiles
 C - 8 curare-tipped needles
Armour
 b - a +0 animal skin (worn)
 n - a +0 helmet
 z - a +0 pair of gloves (worn)
 G - a cursed +0 cloak (worn)
 M - a +0 pair of boots (worn)
Jewellery
 h - a ring of wizardry (left hand)
 y - a +6 ring of strength (right hand)
 I - an uncursed ring of poison resistance {unknown}
Wands
 v - a wand of teleportation (3/9)
 w - a wand of flame (14/48)
 B - a wand of paralysis (12/24)
 D - a wand of random effects (11/48)
 O - a wand of flame (28/48)
Scrolls
 d - 3 scrolls of enchant weapon {unknown}
 e - a scroll of fear {unknown}
 f - 10 scrolls of remove curse {unknown}
 g - 3 scrolls of identify {unknown}
 j - 4 scrolls of noise {unknown}
 o - a scroll of magic mapping {unknown}
 q - 3 scrolls of recharging {unknown}
 r - 2 scrolls of blinking {unknown}
 s - 5 scrolls of teleportation {unknown}
 H - a scroll of fog {unknown}
 J - a scroll of enchant armour {unknown}
Potions
 i - a potion of cancellation {unknown}
 k - a potion of mutation {unknown}
 m - a potion of might {unknown}
 p - 3 potions of flight {unknown}
 t - 2 potions of magic {unknown}
 u - 2 potions of curing {unknown}
 F - a potion of agility {unknown}
 N - 2 potions of lignification {unknown}
Books
 A - an Akashic Record

   Spells                             Type                      Level
   a - Dispersal                      Translocation                6
   b - Malign Gateway                 Summoning/Translocation      7
   c - Disjunction                    Translocation                8
   d - Controlled Blink               Translocation                8
   Trog disapproves of the use of such an item.
 K - a book of Frost

   Spells                             Type                      Level
   a - Freeze                         Ice                          1
   b - Throw Frost                    Conjuration/Ice              2
   c - Ozocubu's Armour               Charms/Ice                   3
   d - Throw Icicle                   Conjuration/Ice              4
   e - Summon Ice Beast               Ice/Summoning                4
   Trog disapproves of the use of such an item.
Comestibles
 c - 3 bread rations
 l - 2 beef jerkies
 x - a slice of pizza
 L - a chunk of flesh


   Skills:
 - Level 3.0 Fighting
 + Level 12.8 Long Blades
 - Level 1.7 Armour
 - Level 1.8 Dodging


You had 8 spell levels left.
You didn't know any spells.

Dungeon Overview and Level Annotations

Branches:
Dungeon (9/15)             Temple (1/1) D:4
   Lair: D:8-11         Orc: D:9-12

Altars:
Trog
Uskayaw
Xom
The Shining One

Shops:
D:7 }}}

Annotations:
D:9 Oktamerus's ghost, novice GrEE


Innate Abilities, Weirdness & Mutations

You have a pair of horns on your head.
You are mostly covered in iridescent scales. (AC +6)
You are completely covered in sharp spines.


Message History

Oktamerus's ghost is severely damaged.
You hit Oktamerus's ghost but do no damage.
You headbutt Oktamerus's ghost, but do no damage.
Oktamerus's ghost is severely damaged.
Oktamerus's ghost hits you!
* * * LOW HITPOINT WARNING * * *
You hit Oktamerus's ghost but do no damage.
Oktamerus's ghost is heavily damaged.
You slash Oktamerus's ghost!
Oktamerus's ghost is severely damaged.
You hit Oktamerus's ghost but do no damage.
You headbutt Oktamerus's ghost.
Oktamerus's ghost is severely damaged.
You are no longer berserk.
You are exhausted.
You feel yourself slow down.
You are near starving!
Oktamerus's ghost casts a spell at you. The rocky blast hits you!
You die...

#+###### .......#
######+## .....<.#
####..>....#
.......###..'....W..#.=#
.......'...##...@†..'.#
.......######.......###
.......# #.......#
####+### ###+#####


You could see Oktamerus's ghost.

Vanquished Creatures
  Pikel (D:6)
  A troll (D:8)
  Prince Ribbit (D:5)
  A hippogriff (D:8)
  An ice beast (D:6)
  2 orc warriors
  A slave (D:6)
  2 sky beasts
  2 ogres
  A black bear (D:6)
  A necrophage (D:6)
  4 centaurs
  4 giant frogs
  2 scorpions
  3 howler monkeys
  3 hounds
  A jelly (D:7)
  Crazy Yiuf (D:7)
  3 orc priests
  A giant frog skeleton (D:5)
  7 orc wizards
  2 iguanas
  10 worker ants
  A hound zombie (D:5)
  A worker ant zombie (D:5)
  10 adders
  4 gnolls
  2 shadow imps
  An adder zombie (D:5)
  An adder skeleton (D:5)
  A dart slug (D:1)
  7 giant geckos
  29 orcs
  6 giant cockroaches
  11 hobgoblins
  9 jackals
  9 kobolds
  6 quokkas
  A ball python (D:3)
  A ball python skeleton (D:4)
  5 bats
  A giant gecko skeleton (D:5)
  9 giant newts
  8 goblins
  15 rats
193 creatures vanquished.

Vanquished Creatures (others)
  A phantom (D:6)
1 creature vanquished.

Grand Total: 194 creatures vanquished

Notes
Turn   | Place    | Note
-------+----------+-------------------------------------------
     0 | D:1      | Kold the Demonspawn Berserker began the quest for the Orb.
     0 | D:1      | Reached XP level 1. HP: 18/18 MP: 1/1
    89 | D:1      | Reached skill level 3 in Long Blades
    90 | D:1      | Gained mutation: You are partially covered in iridescent scales. (AC +4) [demonic ancestry]
    90 | D:1      | Reached XP level 2. HP: 6/24 MP: 2/2
   439 | D:1      | Reached ** piety under Trog
   474 | D:1      | Gained mutation: You are partially covered in sharp spines. [demonic ancestry]
   474 | D:1      | Reached XP level 3. HP: 29/29 MP: 3/3
   733 | D:1      | Reached skill level 4 in Long Blades
   920 | D:1      | Gained mutation: You are mostly covered in iridescent scales. (AC +6) [demonic ancestry]
   920 | D:1      | Reached XP level 4. HP: 24/35 MP: 4/4
  1483 | D:2      | Reached skill level 5 in Long Blades
  1522 | D:2      | Found a glowing golden altar of the Shining One.
  1863 | D:3      | Reached *** piety under Trog
  1863 | D:3      | Gained mutation: You are mostly covered in sharp spines. [demonic ancestry]
  1863 | D:3      | Reached XP level 5. HP: 41/41 MP: 5/5
  2171 | D:3      | Found a bloodstained altar of Trog.
  2382 | D:4      | Reached skill level 6 in Long Blades
  2476 | D:4      | Found a staircase to the Ecumenical Temple.
  2488 | Temple   | Entered the Ecumenical Temple
  2490 | Temple   | Gained mutation: You have a pair of small horns on your head. [demonic ancestry]
  2490 | Temple   | Reached XP level 6. HP: 47/47 MP: 6/6
  2638 | D:4      | Reached skill level 7 in Long Blades
  2763 | D:4      | Noticed a sky beast
  2770 | D:4      | Killed a sky beast
  2770 | D:4      | Gained mutation: You have a pair of horns on your head. [demonic ancestry]
  2770 | D:4      | Reached XP level 7. HP: 44/52 MP: 7/7
  3031 | D:5      | Entered Level 5 of the Dungeon
  3040 | D:5      | Noticed Prince Ribbit
  3049 | D:5      | Killed Prince Ribbit
  3049 | D:5      | Reached **** piety under Trog
  3049 | D:5      | Reached skill level 8 in Long Blades
  3195 | D:5      | Reached XP level 8. HP: 50/58 MP: 8/8
  3221 | D:5      | Reached skill level 9 in Long Blades
  3450 | D:5      | Found a shimmering altar of Xom.
  3477 | D:5      | Found a hide-covered altar of Uskayaw.
  3901 | D:6      | Reached skill level 10 in Long Blades
  3997 | D:6      | Found a hide-covered altar of Uskayaw.
  4187 | D:6      | Noticed Pikel
  4196 | D:6      | Killed Pikel
  4196 | D:6      | Reached skill level 11 in Long Blades
  4196 | D:6      | Gained mutation: You are completely covered in sharp spines. [demonic ancestry]
  4196 | D:6      | Reached XP level 9. HP: 39/63 MP: 9/9
  4531 | D:6      | Reached ***** piety under Trog
  5062 | D:7      | Found Nurergh's Gadget Shoppe.
  5073 | D:7      | Found Mafasteba's Gadget Shop.
  5133 | D:7      | Found a runed door.
  5137 | D:7      | Noticed Crazy Yiuf
  5145 | D:7      | Killed Crazy Yiuf
  5205 | D:7      | Found Kuosy's Gadget Boutique.
  5239 | D:7      | Reached skill level 12 in Long Blades
  5429 | D:8      | Noticed a troll
  5441 | D:8      | Killed a troll
  6168 | D:9      | Noticed Oktamerus's ghost (novice GrEE)
  6204 | D:9      | HP: 3/94 [Oktamerus's ghost (8)]
  6207 | D:9      | Killed from afar by Oktamerus's ghost

Vault maps used:
D:1:      lemuel_arrival_tunnels, serial_bayou_pond_e, st_stairs_11
D:2:      first_bread, tso_altar
D:3:      trog_butcher_becter
D:5:      lemuel_doored_altar, serial_undead, serial_undead_e, serial_undead_e,
          serial_undead_f, serial_undead_b, minmay_ruined_shrine,
          uniq_prince_ribbit1
D:6:      basic_altar, nrook_uturn, minmay_misc_feat_roman, uniq_pikel
D:7:      serial_shops, shop, shop_fountains, shop_fountains, shop,
          kennysheep_little_box, grunt_ogre_cave, uniq_joseph,
          uniq_crazy_yiuf_cottage
D:9:      orc_0_dummy, kennysheep_big_empty_room
Temple:   kilobyte_greek_temple

Skill      XL: |  1  2  3  4  5  6  7  8  9 |
---------------+----------------------------+-----
Long Blades    | 3 4 5 6 7 8 11 12 | 12.8
Fighting       | |  3.0
Armour         | |  1.7
Dodging        | |  1.8

Action                   |  1- 3 |  4- 6 |  7- 9 || total
-------------------------+-------+-------+-------++-------
Melee: Falchion          |   101 |   159 |   301 ||   561
       Headbutt          |       |     7 |    88 ||    95
Invok: Berserk           |     2 |       |     3 ||     5
       Trog's Hand       |       |       |     4 ||     4
 Stab: Sleeping          |       |     2 |     1 ||     3
  Eat: Chunk             |     1 |     7 |    14 ||    22
Armor: Animal skin       |    32 |    51 |    87 ||   170
Dodge: Dodged            |    55 |    70 |    97 ||   222
